 Dungeon Crawl Stone Soup version 0.30.1-11-g7821555f0a (webtiles) character file.

Game seed: 898765536335007627

1563269 CrazyMind the Armataur Barricade (level 27, 268/414 HPs)
             Began as an Armataur Fighter on Oct 28, 2023.
             Was the Champion of Ru.
             Escaped with the Orb
             ... and 3 runes on Nov 3, 2023!
             The game lasted 07:30:49 (87073 turns).

CrazyMind the Armataur Barricade (AtFi)            Turns: 87073, Time: 07:30:49

Health: 268/414    AC: 49    Str: 34    XL:     27
Magic:  31/31      EV:  9    Int: 10    God:    Ru [******]
Gold:   8069       SH:  0    Dex:  6    Spells: 25/42 levels left

rFire   + + .        a - +9 war axe (heavy)
rCold   + + .        h - +4 kite shield {rC+}
rNeg    + . .        I - +12 gold dragon scales
rPois   +            (helmet restricted)
rElec   +            j - +1 cloak {rCorr}
rCorr   +            X - +2 pair of gloves "Meyloguf" {rN+ Regen+ Int-4}
SInv    .            M - +0 barding {Fly}
Will    +++++        x - amulet of reflection Stlth
                     g - ring of protection from fire
HPRegen 1.69/turn    Q - ring "Derghy Paku" {Will+++ EV+5 Int+4 Dex-4}
MPRegen 0.22/turn

%: reflection, roll
@: confused, berserking, resistant, ambrosia-drunk, flying, hasted, studying 2
skills, invisible, very quick
A: large, rugged brown scales 3, deformed body, no stealth, inability to use
devices, inability to train dodging, temperature sensitive, armoured tail, roll,
long tongue, awkward tongue, horns 1, talons 1, low MP 1, electricity
resistance, MP-powered wands
0: Orb of Zot
}: 3/15 runes: serpentine, barnacled, silver
a: Renounce Religion, Draw Out Power, Power Leap, Apocalypse


You escaped.
You worshipped Ru.
Ru was exalted by your worship.
You visited 12 branches of the dungeon, and saw 52 of its levels.
You visited 1 bazaar.
You also visited: Bailey, Gauntlet, Ice Cave and Wizlab.

You collected 11192 gold pieces.
You spent 3123 gold pieces at shops.

Inventory:

Hand Weapons
 a - a +9 heavy war axe (weapon)
 b - a +1 war axe of flaming
Missiles
 i - 28 curare-tipped darts
 m - 3 silver javelins
 t - 17 atropa-tipped darts
 u - 44 poisoned darts
 B - 40 boomerangs (quivered)
 D - 13 throwing nets
 J - 7 boomerangs of dispersal
 L - 3 silver boomerangs
 O - 26 javelins
Armour
 c - a +2 helmet of see invisible
 h - a +4 kite shield of cold resistance (worn)
 j - a +1 cloak of preservation (worn)
 I - +12 gold dragon scales (worn)
 M - a +0 barding of flying (worn)
 R - a +2 cloak of willpower
 X - the +2 pair of gloves "Meyloguf" (worn) {rN+ Regen+ Int-4}
   (You found it on level 2 of the Snake Pit)

   Int:       It affects your intelligence (-4).
   rN:        It protects you from negative energy.
   Regen:     It increases your rate of health regeneration.
Jewellery
 g - a ring of protection from fire (left hand)
 l - a ring of resist corrosion
 o - the ring "Iveopneo" {Ice rElec MP+9 Str+3}
   (You took it off a deep elf high priest on level 3 of the Elven Halls)

   [ring of ice]

   It enhances your ice magic.
   Str:       It affects your strength (+3).
   rF:        It makes you vulnerable to fire.
   rC:        It protects you from cold.
   rElec:     It insulates you from electricity.
   MP:        It affects your magic capacity (+9).
 q - the ring "Deidugies" {rN+ Str+3 SInv}
   (You found it on level 5 of the Lair of Beasts)

   [ring of positive energy]

   Str:       It affects your strength (+3).
   rN:        It protects you from negative energy.
   SInv:      It lets you see invisible.
 w - the ring of Ximm {Fire rCorr Str+3}
   (You found it on level 3 of the Elven Halls)

   [ring of fire]

   It enhances your fire magic.
   Str:       It affects your strength (+3).
   rF:        It protects you from fire.
   rC:        It makes you vulnerable to cold.
   rCorr:     It protects you from acid and corrosion.
 x - an amulet of reflection (around neck)
 y - a ring of positive energy
 z - the ring "Xogeqycs" {rC+ Str+3 SInv}
   (You found it on level 14 of the Dungeon)

   [ring of protection from cold]

   Str:       It affects your strength (+3).
   rC:        It protects you from cold.
   SInv:      It lets you see invisible.
 Q - the ring "Derghy Paku" (right hand) {Will+++ EV+5 Int+4 Dex-4}
   (You bought it in a shop on level 2 of the Orcish Mines)

   [ring of evasion]

   EV:        It affects your evasion (+5).
   Int:       It affects your intelligence (+4).
   Dex:       It affects your dexterity (-4).
   Will:      It greatly increases your willpower.
Scrolls
 d - 7 scrolls of fog
 k - 27 scrolls of teleportation
 n - 14 scrolls of blinking
 r - 8 scrolls of poison
 N - 4 scrolls of fear
 V - 5 scrolls of silence
Potions
 f - 8 potions of mutation
 s - 7 potions of resistance
 v - 6 potions of haste
 A - 8 potions of lignification
 E - 5 potions of heal wounds
 G - a potion of cancellation
 K - 5 potions of invisibility
 P - 13 potions of curing
 S - a potion of berserk rage
 Y - 8 potions of magic


   Skills:
 + Level 23.2 Fighting
 + Level 23.1 Axes
 * Level 14.8 Throwing
 + Level 23.2 Armour
 O Level 27 Shields
 + Level 8.2 Spellcasting
 + Level 8.1 Hexes
 + Level 9.3 Translocations


You had 25 spell levels left.
You knew the following spells:

 Your Spells              Type           Power      Damage    Failure   Level
a - Apportation           Tloc           44%        N/A       1%          1
b - Blink                 Tloc           44%        N/A       3%          2
c - Portal Projectile     Hex/Tloc       42%        N/A       8%          3
d - Tukima's Dance        Hex            20%        N/A       10%         3
e - Manifold Assault      Tloc           22%        N/A       21%         4
f - Passage of Golubria   Tloc           22%        N/A       21%         4

Your spell library contained the following spells:

 Spells                   Type           Power      Damage    Failure   Level
 Slow                     Hex            80%        N/A       3%          1
 Lesser Beckoning         Tloc           44%        N/A       3%          2
 Confusing Touch          Hex            20%        N/A       10%         3
 Momentum Strike          Conj/Tloc      26%        3d8       22%         2
 Ensorcelled Hibernation  Hex/Ice        24%        N/A       28%         2
 Cause Fear               Hex            10%        N/A       32%         4
 Vhi's Electric Charge    Tloc/Air       26%        N/A       38%         3
 Volatile Blastmotes      Fire/Tloc      26%        2d12      38%         3
 Dazzling Flash           Conj/Hex       24%        N/A       50%         3
 Inner Flame              Hex/Fire       12%        N/A       50%         3
 Summon Guardian Golem    Hex/Summ       12%        N/A       50%         3
 Foxfire                  Conj/Fire      16%        2x1d4     69%         1
 Freeze                   Ice            16%        1d4       69%         1
 Kiss of Death            Conj/Necr      16%        2d6       69%         1
 Magic Dart               Conj           16%        1d3       69%         1
 Necrotise                Necr           16%        1d4       69%         1
 Sting                    Tmut/Pois      16%        1d3       69%         1
 Summon Small Mammal      Summ           16%        N/A       69%         1
 Iskenderun's Mystic Bla  Conj/Tloc      13%        2d5       80%         4
 Call Imp                 Summ           8%         N/A       83%         2
 Cigotuvi's Dreadful Rot  Necr/Pois/Air  8%         N/A       83%         2
 Poisonous Vapours        Pois/Air       8%         N/A       83%         2
 Scorch                   Fire           8%         2d5       83%         2
 Sublimation of Blood     Necr           4%         N/A       83%         2
 Wereblood                Tmut           4%         N/A       83%         2
 Anguish                  Hex/Necr       6%         N/A       88%         4
 Fulminant Prism          Conj/Hex       6%         3d7       88%         4
 Call Canine Familiar     Summ           4%         N/A       96%         3
 Frozen Ramparts          Ice            8%         1d2       96%         3
 Hailstorm                Conj/Ice       4%         3d4       96%         3
 Ignite Poison            Fire/Tmut/Pois 4%         N/A       96%         3
 Mephitic Cloud           Conj/Pois/Air  4%         N/A       96%         3
 Ozocubu's Armour         Ice            4%         N/A       96%         3
 Spider Form              Tmut/Pois      4%         N/A       96%         3
 Vampiric Draining        Necr           4%         2d6       96%         3
 Dispersal                Tloc           11%        N/A       97%         6
 Summon Forest            Summ/Tloc      6%         N/A       98%         5
 Metabolic Englaciation   Hex/Ice        6%         N/A       99%         5
 Silence                  Hex/Air        6%         N/A       99%         5
 Summon Mana Viper        Hex/Summ       12%        N/A       99%         5
 Yara's Violent Unravell  Hex/Tmut       6%         3d5       99%         5
 Animate Armour           Summ/Erth      8%         N/A       100%        4
 Animate Dead             Necr           4%         N/A       100%        4
 Dispel Undead            Necr           4%         3d7       100%        4
 Flame Wave               Conj/Fire      4%         2d5       100%        4
 Ice Form                 Ice/Tmut       4%         N/A       100%        4
 Olgreb's Toxic Radiance  Pois           4%         N/A       100%        4
 Petrify                  Tmut/Erth      4%         N/A       100%        4
 Sticky Flame             Conj/Fire      4%         2d3       100%        4
 Summon Ice Beast         Ice/Summ       4%         N/A       100%        4
 Summon Lightning Spire   Summ/Air       4%         N/A       100%        4
 Agony                    Necr           4%         N/A       100%        5
 Alistair's Intoxication  Tmut/Pois      2%         N/A       100%        5
 Arcjolt                  Conj/Air       2%         1d12      100%        5
 Blade Hands              Tmut           2%         N/A       100%        5
 Borgnjor's Vile Clutch   Necr/Erth      2%         N/A       100%        5
 Fireball                 Conj/Fire      2%         3d4       100%        5
 Freezing Cloud           Conj/Ice/Air   2%         6-21      100%        5
 Irradiate                Conj/Tmut      2%         3d12      100%        5
 Lee's Rapid Deconstruct  Erth           2%         3d4*      100%        5
 Death Channel            Necr           2%         N/A       100%        6
 Eringya's Noxious Bog    Tmut/Pois      2%         N/A       100%        6
 Plasma Beam              Fire/Air       2%         2x1d13    100%        6
 Simulacrum               Ice/Necr       2%         N/A       100%        6
 Starburst                Conj/Fire      2%         6d3       100%        6
 Statue Form              Tmut/Erth      2%         N/A       100%        6
 Summon Cactus Giant      Summ           2%         N/A       100%        6
 Dragon Form              Tmut           2%         N/A       100%        7
 Enfeeble                 Hex            10%        N/A       100%        7
 Monstrous Menagerie      Summ           2%         N/A       100%        7
 Orb of Destruction       Conj           2%         9d5       100%        7
 Spellforged Servitor     Conj/Summ      2%         N/A       100%        7
 Storm Form               Tmut/Air       2%         N/A       100%        7
 Summon Hydra             Summ           2%         N/A       100%        7
 Borgnjor's Revivificati  Necr           2%         N/A       100%        8
 Discord                  Hex            10%        N/A       100%        8
 Disjunction              Tloc           11%        N/A       100%        8
 Ignition                 Fire           2%         3d3       100%        8
 Infestation              Necr           2%         N/A       100%        8
 Lehudib's Crystal Spear  Conj/Erth      2%         10d2      100%        8
 Maxwell's Capacitive Co  Air            2%         ∞         100%        8
 Dragon's Call            Summ           2%         N/A       100%        9
 Shatter                  Erth           2%         3d6*      100%        9


Dungeon Overview and Level Annotations

Branches:
Dungeon (15/15)            Temple (1/1) D:4            Lair (5/5) D:10
 Shoals (4/4) Lair:2        Snake (4/4) Lair:2        Slime (0/5) Lair:5
    Orc (2/2) D:10            Elf (3/3) Orc:2        Vaults (5/5) D:14
  Crypt (3/3) Vaults:2       Tomb (0/3) Crypt:3      Depths (4/4) D:15
   Hell (visited)             Dis (0/7) Hell            Geh (0/7) Hell
    Coc (0/7) Hell            Tar (0/7) Hell            Zot (5/5) Depths:4
 Bailey (visited)           IceCv (visited)          WizLab (visited)
Gauntlet (visited)

Altars:
Ashenzari
Cheibriados
Dithmenos
Elyvilon
Fedhas
Gozag
Hepliaklqana
Kikubaaqudgha
Makhleb
Nemelex Xobeh
Okawaru
Qazlal
Ru
Sif Muna
Trog
Uskayaw
Vehumet
Wu Jian
Xom
Yredelemnul
Zin
The Shining One
Jiyva
Lugonu

Shops:
D:4 [   D:6 (   D:12 [   Orc:2 *[=(   Elf:1 *   Elf:3 :   Snake:2 [
Snake:3 =::   Vaults:2 :   Depths:3 !

Portals:
Hell: Depths:1 Depths:2 Depths:3 Depths:4
Abyss: Depths:3 Depths:4
Pandemonium: Depths:2 Depths:3 Depths:4
Ziggurat: Depths:4


Innate Abilities, Weirdness & Mutations

You are completely covered in rugged brown scales. (AC +3, +7% HP)
Armour fits poorly on your strangely shaped body.
You cannot be stealthy.
You cannot study or use magical devices.
You cannot train Dodging skill.
You are sensitive to extremes of temperature. (rF-, rC-)
You have a long armoured tail.
You roll when moving toward enemies. (Rampage)
Your long tongue fully drains potion bottles. (2x potion effects)
Your tongue gives you trouble enunciating. (1.5x scroll delay)
You have a pair of small horns on your head.
You have sharp toenails.
Your magical capacity is low. (-10% MP)
You are resistant to electric shocks. (rElec)
You expend magic power (3 MP) to strengthen your wands.


Message History

Your extra speed is starting to run out.
You block the hell beast's attack. The hell beast tramples you.
You hold your ground!
You block the hell beast's attack. The hell beast completely misses you.
You catch the helpless hell beast completely off-guard!
You slash the hell beast!
You kill the hell beast!
You cut the hell beast into ribbons!!! Your headbutt misses the hell beast.
The hell beast is heavily wounded.
You block the hell beast's attack. x2
You slash the hell beast!
The hell beast is severely wounded.
You block the hell beast's attack. x2
You closely miss the hell beast. Your headbutt misses the hell beast.
The hell beast is severely wounded.
You block the hell beast's attack. x2
You miss the hell beast.
Your tail-slap misses the hell beast.
The hell beast is severely wounded.
You block the hell beast's attack. x2
You slash the hell beast! You headbutt the hell beast.
The hell beast is severely wounded.
You feel yourself slow down. You block the hell beast's attack.
The hell beast closely misses you. The hell beast barely misses you. x2
You slice the hell beast!!
You kill the hell beast!
You feel yourself speed up.
You slurp down every last drop of the potion of haste!
Unknown command.
You feel protected.
You slurp down every last drop of the potion of resistance!
Unknown command.
You are confused.
You feel invigorated.
You slurp down every last drop of the potion of ambrosia!
A red film seems to cover your vision as you go berserk!
You feel yourself moving faster!
You feel mighty!
You slurp down every last drop of the potion of berserk rage!
You feel a strong urge to attack something.
You have escaped!

.#.#.# #.####...2......2'.....
.#.#.# #.####..####.#####.....
.#.#.######...##..# ##2####......
.#............##..###.###.....#..
.............####.#.#2###.#......
####.######....#####.####.####...
####.######+###..###[####...)....
......#......####..~~##∩#####..>~
.......(.....# #@##~~..### #..~~
.............# ####.###..####P♣~♣
.............# ###.#####...#~♣~~
.............# ###.#.######..♣♣~~
.............#####.### ####.♣♣~~~
.............####.## ###.~P~~P
.............####.# ###♣~~P~
.............#....### ###~P~~≈
........†......##...## ♣~~~P≈


There were no monsters in sight!

Vanquished Creatures
  3 pandemonium lords
  4 dread liches
  An orb of fire (Zot:5)
  5 ancient liches
  Mara (Shoals:4)
  3 juggernauts
  Josephina (Depths:1)
  7 Killer Klowns
  Bai Suzhen (Depths:1)
  Vashnia (Snake:3)
  4 curse toes
  Geryon (Hell)
  11 golden dragons
  A bone dragon (Depths:4)
  3 electric golems
  A hellephant (Zot:5)
  13 tentacled monstrosities
  Jorgrun (D:14)
  5 titans
  22 Orb Guardians
  9 liches
  5 quicksilver dragons
  2 deep elf blademasters
  A kraken (Shoals:2)
  Frances (D:14)
  Polyphemus (Shoals:3)
  3 deep elf master archers (Elf:3)
  A tentacled starspawn (WizLab)
  6 death cobs
  6 ancient champions
  11 sphinxes
  Murray (Hell)
  Kirke (D:14)
  8 draconian monks
  14 storm dragons
  6 revenants
  7 shadow dragons
  6 fire giants
  A tengu reaver (Vaults:4)
  The ghost of laros the Executioner, a journeyman MiBe of Trog (Depths:2)
  3 azure jellies (IceCv)
  4 nagarajas
  17 deep elf sorcerers
  9 frost giants
  3 ghost moths
  A spectral juggernaut (Depths:4)
  Aizul (Elf:1)
  4 balrugs
  An angel (D:1)
  5 draconian scorchers
  15 vault wardens
  3 iron dragons
  8 ghouls
  7 draconian knights
  3 draconian stormcallers
  Louise (D:15)
  10 reapers
  13 draconian shifters
  18 stone giants
  8 curse skulls
  4 quicksilver oozes (IceCv)
  The ghost of Kununneg the Eclecticist, a journeyman TeAE of Sif Muna (Snake:2)
  6 deep elf elementalists
  4 demonspawn corrupters (WizLab)
  5 draconian annihilators
  3 orc warlords
  4 war gargoyles
  18 ironbound preservers
  A spriggan defender (Depths:2)
  A caustic shrike skeleton (Hell)
  A caustic shrike zombie (Crypt:3)
  A quicksilver ooze (shapeshifter) (Vaults:5)
  10 ironbound thunderhulks
  28 very ugly things
  Nessos (D:15)
  2 demonspawn blood saints (Depths:2)
  18 black draconians
  4 deep elf annihilators
  18 white draconians
  12 green draconians
  5 deep elf demonologists
  24 vampire knights
  7 dire elephants
  12 red draconians
  2 lorocyprocas
  8 spark wasps
  19 purple draconians
  16 yellow draconians
  15 ettins
  5 blizzard demons
  11 deep elf death magi
  10 eidola
  The ghost of Tali the Cleaver, a journeyman DsCK of Xom (Lair:1)
  2 fire dragons
  19 jiangshi
  8 merfolk javelineers
  10 merfolk impalers
  13 yaktaur captains
  9 deep elf high priests
  3 hell beasts
  3 entropy weavers
  14 hydras
  30 vault guards
  2 rakshasas (Depths:2)
  3 ogre magi (Vaults:5)
  An ice dragon (shapeshifter) (Vaults:2)
  4 great orbs of eyes
  6 ice dragons
  A fenstrider witch zombie (Crypt:3)
  3 alligator snapping turtles
  3 salamander tyrants
  3 catoblepae
  A spriggan air mage (Depths:1)
  12 ironbound frosthearts
  A juggernaut simulacrum (Depths:2)
  4 merfolk avatars
  18 anacondas
  5 boulder beetles
  3 death knights
  3 merfolk aquamancers
  25 centaur warriors
  A fenstrider witch skeleton (Crypt:2)
  A tengu warrior (D:15)
  35 dancing weapons
  12 naga warriors
  13 death yaks
  8 two-headed ogres
  A deep troll earth mage (Depths:4)
  5 satyrs
  A deep troll shaman (Depths:2)
  7 hell hogs
  16 vampire magi
  5 shock serpents
  6 orc high priests
  4 spriggan berserkers
  A storm dragon zombie (Crypt:2)
  18 naga sharpshooters
  A large abomination (D:14)
  8 skysharks
  Nergalle (D:12)
  20 hell knights
  20 deep elf knights
  19 sun demons
  Sonja (Lair:2)
  8 soul eaters
  7 salamander mystics
  2 shadow wraiths
  A sixfirhy (D:11)
  3 iron trolls
  Lodul (D:14)
  25 sea snakes
  55 skeletal warriors
  A spectral anaconda (Lair:5)
  A spriggan druid (WizLab)
  5 glowing orange brains
  2 anaconda zombies
  7 flayed ghosts (Crypt:2)
  6 deep elf archers
  4 orange crystal statues
  7 naga ritualists
  A spriggan simulacrum (Hell)
  40 deep trolls
  A bog body (Crypt:2)
  A golden dragon zombie (Hell)
  19 ironbound convokers
  18 wizards
  2 ghost moth zombies
  An obsidian statue (Lair:5)
  A tengu zombie (Depths:2)
  2 shadow demons
  37 deep elf pyromancers
  12 lindwurms
  12 orc knights
  34 phantasmal warriors
  3 shadow dragon zombies (Hell)
  An iron dragon zombie (Hell)
  38 deep elf zephyrmancers
  19 harpies
  A shining eye (shapeshifter) (Vaults:5)
  11 necromancers
  2 worldbinders (WizLab)
  A frost giant zombie (Hell)
  15 mana vipers
  6 orc sorcerers
  37 ugly things
  22 manticores
  13 cyclopes
  13 fauns
  24 salamanders
  2 fire giant zombies (Hell)
  28 moths of wrath
  2 stone giant zombies (Crypt:3)
  A manticore (shapeshifter) (Vaults:2)
  A sphinx skeleton (Depths:2)
  2 dire elephant zombies (Crypt:3)
  An iron dragon skeleton (Crypt:2)
  10 merfolk sirens
  2 centaur zombies (D:15)
  19 elephants
  17 naga magi
  A gargoyle (D:13)
  10 rust devils
  24 vault sentinels
  12 guardian serpents
  9 water nymphs
  37 black mambas
  A torpor snail (WizLab)
  4 smoke demons
  An alligator snapping turtle zombie (Crypt:3)
  10 cane toads
  A shock serpent skeleton (Crypt:3)
  A sea snake zombie (Hell)
  2 rime drakes
  A centaur skeleton (D:15)
  A dire elephant skeleton (Hell)
  4 efreet
  An anaconda simulacrum (Hell)
  3 kobold demonologists
  3 spriggan zombies (Hell)
  4 freezing wraiths
  2 ice devils
  A steelbarb worm zombie (Crypt:1)
  An unseen horror (D:8)
  A minotaur zombie (Crypt:3)
  32 yaktaurs
  A rime drake (shapeshifter) (Vaults:5)
  A bunyip simulacrum (Hell)
  A golden dragon simulacrum (Depths:2)
  4 red devils (D:14)
  6 komodo dragons
  A sea snake skeleton (Hell)
  A tengu conjurer (D:15)
  2 hydra zombies (Hell)
  35 merfolk
  2 tengu simulacra (Depths:2)
  5 trolls
  8 harpy zombies
  4 wind drakes
  The ghost of P0WERM0DE the Sneak, a novice SpEE of Cheibriados (D:5)
  A hellwing (D:11)
  A hornet (D:9)
  9 blink frogs
  A wolf spider simulacrum (Gauntlet)
  8 snapping turtles
  2 ettin zombies
  23 dream sheep
  2 spectral elephants (Lair:5)
  4 alligator zombies
  A hydra skeleton (Hell)
  A jumping spider zombie (Crypt:3)
  A fire giant simulacrum (Depths:2)
  4 centaur simulacra
  Sigmund (D:4)
  36 slime creatures
  3 air elementals (Elf:3)
  A guardian serpent skeleton (Crypt:1)
  8 water elementals
  3 ynoxinuls
  3 shadows
  2 flying skulls (Crypt:1)
  A dire elephant simulacrum (Lair:5)
  A naga simulacrum (Hell)
  4 wyverns
  38 yaks
  2 vampires
  5 hogs (D:14)
  Eustachio (D:6)
  15 wraiths
  A neqoxec (D:13)
  4 steam dragons
  5 fire elementals
  5 redbacks
  Grum (D:10)
  3 death yak simulacra (Lair:5)
  13 vampire mosquitoes
  3 basilisks
  Menkaure (D:5)
  32 nagas
  3 wargs
  A harpy simulacrum (Hell)
  Edmund (D:5)
  2 acid dragons (D:10)
  A fire bat zombie (Crypt:3)
  10 hell hounds
  A swamp worm (shapeshifter) (Vaults:5)
  8 water moccasins
  2 floating eyes (Depths:4)
  2 glowing shapeshifter zombies (Hell)
  A two-headed ogre skeleton (Crypt:2)
  2 sky beasts
  A black bear (D:6)
  3 elephant zombies
  40 orc warriors
  An ice dragon simulacrum (Gauntlet)
  A great orb of eyes simulacrum (IceCv)
  7 wolves
  10 centaurs
  19 ogres
  A boggart (WizLab)
  3 elephant skeletons (Lair:5)
  6 slime creature simulacra (IceCv)
  4 kobold brigands
  A gnoll sergeant (D:6)
  2 earth elementals
  5 bullfrogs
  A hog skeleton (Crypt:3)
  5 necrophages
  2 scorpions (D:6)
  6 glowing shapeshifter simulacra
  4 cane toad simulacra (Lair:5)
  A human simulacrum (Depths:2)
  A water moccasin zombie (Crypt:3)
  A warg zombie (Crypt:2)
  2 elephant simulacra (Lair:5)
  38 killer bees
  A shapeshifter zombie (Crypt:1)
  A polar bear skeleton (Crypt:3)
  2 shapeshifter skeletons
  5 electric eels
  14 howler monkeys
  A spriggan skeleton (Crypt:1)
  A crimson imp (Gauntlet)
  2 lava snakes (D:11)
  18 hounds
  2 sleepcaps (D:6)
  29 orc priests
  2 iron imps (Gauntlet)
  4 gnoll boudas
  9 jellies
  An iguana (D:7)
  45 orc wizards
  8 hell rats
  A boggart skeleton (D:15)
  A howler monkey zombie (Crypt:2)
  19 gnolls
  8 adders
  A shadow imp (D:7)
  A white imp (D:8)
  2 ufetubi (D:5)
  An adder zombie (Crypt:1)
  7 dart slugs
  103 orcs
  11 endoplasms
  4 giant cockroaches
  12 goblins
  13 hobgoblins
  9 kobolds
  7 quokkas
  7 ball pythons
  2 bats
  3 frilled lizards
  A kobold zombie (Crypt:3)
  6 rats
  A creeping inferno (Hell)
  5 fire vortices (Hell)
  2 tentacles (Shoals:2)
2671 creatures vanquished.

Vanquished Creatures (collateral kills)
  2 orbs of fire
  4 Orb Guardians (Zot:5)
  A quicksilver dragon (Zot:3)
  A draconian scorcher (Zot:5)
  A minotaur (Gauntlet)
9 creatures vanquished.

Vanquished Creatures (others)
  A Killer Klown (Zot:5)
  2 Orb Guardians (Zot:5)
  A lich (Depths:2)
  A rockslime (IceCv)
  A draconian monk (Zot:5)
  A draconian scorcher (Zot:1)
  2 vault wardens
  A draconian stormcaller (Zot:1)
  A draconian annihilator (Zot:2)
  A very ugly thing (Depths:1)
  3 ironbound preservers
  A stone giant (Depths:2)
  A lorocyproca (Depths:3)
  A black draconian (Zot:2)
  A dire elephant (Lair:5)
  A red draconian (Zot:4)
  A purple draconian (Zot:3)
  3 white draconians (Zot:1)
  An ettin (Vaults:5)
  A merfolk impaler (Shoals:3)
  2 yaktaur captains
  A salamander tyrant (Snake:4)
  A death knight (Crypt:2)
  An anaconda (Snake:3)
  An ironbound frostheart (Vaults:2)
  A two-headed ogre (Vaults:5)
  A dancing weapon (Elf:2)
  2 death yaks
  A centaur warrior (Vaults:3)
  A merfolk aquamancer (WizLab)
  2 tengu warriors (D:15)
  3 deep elf knights
  2 naga sharpshooters
  A skyshark (Lair:2)
  A deep troll (Vaults:4)
  A sea snake (Shoals:3)
  An ironbound convoker (Vaults:4)
  A skeletal warrior (Crypt:1)
  2 deep elf archers
  A harpy (Shoals:3)
  A deep elf zephyrmancer (Elf:1)
  A deep elf pyromancer (Elf:1)
  An ugly thing (D:15)
  An orc sorcerer (D:15)
  A worldbinder (WizLab)
  A moth of wrath (Zot:1)
  A water nymph (WizLab)
  A naga mage (Snake:2)
  An eye of devastation (Depths:4)
  A komodo dragon (D:11)
  2 yaktaurs
  A merfolk (Shoals:3)
  An air elemental (Elf:1)
  A flying skull (Crypt:1)
  A yak (D:11)
  A wraith (Crypt:3)
  A naga (Snake:2)
  3 orc warriors (Orc:2)
  3 killer bees (D:10)
  A howler monkey (D:9)
  An orc wizard (Orc:1)
  2 orcs
  2 starspawn tentacles (WizLab)
  2 tentacles (Shoals:2)
85 creatures vanquished.

Grand Total: 2765 creatures vanquished

Notes
Turn   | Place    | Note
-------+----------+-------------------------------------------
     0 | D:1      | CrazyMind the Armataur Fighter began the quest for the Orb.
     0 | D:1      | Reached XP level 1. HP: 19/19 MP: 1/1
   177 | D:1      | Reached XP level 2. HP: 26/26 MP: 2/2
   388 | D:1      | You fall into a shaft and drop 1 floor!
   436 | D:2      | Reached XP level 3. HP: 33/33 MP: 3/3
   702 | D:2      | Reached XP level 4. HP: 40/40 MP: 4/4
  2203 | D:3      | Reached XP level 5. HP: 42/48 MP: 5/5
  2578 | D:4      | Noticed a centaur
  2685 | D:4      | Noticed an ogre
  2803 | D:4      | Killed an ogre
  2804 | D:4      | Reached skill level 5 in Armour
  2804 | D:4      | Reached XP level 6. HP: 33/54 MP: 6/6
  2942 | D:4      | Reached skill level 1 in Dodging
  3050 | D:4      | Found a staircase to the Ecumenical Temple.
  3059 | Temple   | Entered the Ecumenical Temple
  3235 | Temple   | Became a worshipper of Ru the Awakened
  3256 | D:4      | Noticed Sigmund
  3274 | D:4      | Reached skill level 1 in Stealth
  3296 | D:4      | Reached XP level 7. HP: 20/60 MP: 7/7
  3298 | D:4      | HP: 3/60 [orc priest/+1 dagger of protection (3)]
  3302 | D:4      | HP: 1/60 [something/magic dart (3)]
  3312 | D:4      | Reached skill level 5 in Axes
  3527 | D:4      | Found Zemoi's Armour Boutique.
  3532 | D:4      | Bought a +0 chain mail of poison resistance for 119 gold
                  | pieces
  3844 | D:4      | Killed Sigmund
  4021 | D:5      | Entered Level 5 of the Dungeon
  4301 | D:5      | Found a runed translucent door.
  4302 | D:5      | Noticed P0WERM0DE's ghost (novice SpEE)
  4508 | D:5      | Noticed Menkaure
  4626 | D:6      | Reached XP level 8. HP: 70/70 MP: 8/8
  4676 | D:6      | Found Dinluos's Weapon Boutique.
  5017 | D:6      | Gained mutation: You cannot train Dodging skill. [Ru
                  | sacrifice]
  5017 | D:6      | Reached * piety under Ru
  5049 | D:6      | Reached skill level 1 in Throwing
  5112 | D:5      | Reached skill level 4 in Shields
  5605 | D:6      | Noticed Eustachio
  5633 | D:6      | Killed Eustachio
  5732 | D:6      | Reached XP level 9. HP: 63/77 MP: 9/9
  5957 | D:6      | Noticed a kobold demonologist
  6350 | D:5      | Noticed Edmund
  6360 | D:5      | Killed Edmund
  6904 | D:5      | Killed Menkaure
  7048 | D:6      | Noticed an ice devil
  7049 | D:6      | Killed a kobold demonologist
  7232 | D:6      | Reached skill level 5 in Fighting
  7647 | D:6      | Reached XP level 10. HP: 53/86 MP: 10/10
  8141 | D:7      | Found a flagged portal.
  8447 | Bailey   | Entered a bailey
  8672 | Bailey   | Found a large runed translucent door.
  8672 | Bailey   | Found a large runed translucent door.
  8673 | Bailey   | Noticed a deep elf pyromancer
  8718 | Bailey   | Noticed an orc knight
  8732 | Bailey   | Killed an orc knight
  8733 | Bailey   | Reached skill level 10 in Axes
  8733 | Bailey   | Reached skill level 5 in Shields
  9063 | Bailey   | Killed a deep elf pyromancer
  9328 | D:7      | Gained mutation: You are sensitive to extremes of
                  | temperature. (rF-, rC-) [Ru sacrifice]
  9328 | D:7      | Reached ** piety under Ru
  9328 | D:7      | Reached *** piety under Ru
  9789 | D:8      | Noticed a purple ugly thing
 10437 | D:8      | Killed a purple ugly thing
 10438 | D:8      | Reached XP level 11. HP: 64/95 MP: 11/11
 10675 | D:8      | Identified the staff of fire "Xuote" {Fragile rF+ Will+
                  | Int+7}
 10922 | D:8      | Identified the +0 rapier of Guile {freeze, rElec}
 10960 | D:8      | Reached skill level 10 in Armour
 11264 | D:9      | Identified the +3 ring mail of a Hundred Knives {Str+6
                  | Int+6}
 12175 | D:10     | Entered Level 10 of the Dungeon
 12230 | D:10     | Paralysed by a hornet for 1 turns
 12848 | D:10     | Found a staircase to the Orcish Mines.
 12888 | D:10     | Gained mutation: You cannot study or use magical devices.
                  | [Ru sacrifice]
 12888 | D:10     | Reached **** piety under Ru
 12888 | D:10     | Reached ***** piety under Ru
 13552 | D:10     | Found a staircase to the Lair.
 13709 | D:10     | Found an ornate altar of the Wu Jian Council.
 13710 | D:10     | Found a stormy altar of Qazlal.
 13710 | D:10     | Found a hazy altar of Hepliaklqana.
 13710 | D:10     | Found a glowing silver altar of Zin.
 13713 | D:10     | Found a shadowy altar of Dithmenos.
 13714 | D:10     | Found an ancient bone altar of Kikubaaqudgha.
 13787 | D:10     | Found a blossoming altar of Fedhas.
 13874 | D:10     | Noticed Grum
 13892 | D:10     | Killed Grum
 14069 | D:10     | Noticed a two-headed ogre
 14085 | D:10     | Killed a two-headed ogre
 14169 | D:10     | Reached skill level 6 in Shields
 14837 | Lair:1   | Entered Level 1 of the Lair of Beasts
 14999 | Lair:1   | Identified the ring of a Million Prophets {Ice rPois Will+
                  | Str+2}
 15196 | Lair:1   | Reached XP level 12. HP: 95/107 MP: 12/12
 15924 | Lair:1   | Gained mutation: You cannot be stealthy. [Ru sacrifice]
 15924 | Lair:1   | Reached ****** piety under Ru
 16092 | Lair:2   | Found a staircase to the Snake Pit.
 16288 | Lair:2   | Noticed a four-headed hydra
 16511 | Lair:2   | Noticed a catoblepas
 16511 | Lair:2   | Noticed Sonja
 16581 | Lair:2   | Killed a four-headed hydra
 16640 | Lair:2   | Found a runed translucent gate.
 16640 | Lair:2   | Found a runed translucent gate.
 16640 | Lair:2   | Found a runed translucent gate.
 16641 | Lair:2   | Noticed a great orb of eyes
 16641 | Lair:2   | Noticed Tali's ghost (journeyman DsCK)
 16839 | Lair:2   | Noticed a death yak
 16839 | Lair:2   | Noticed a death yak
 16839 | Lair:2   | Noticed a death yak
 16839 | Lair:2   | Noticed a death yak
 16856 | Lair:2   | Noticed a death yak
 16873 | Lair:1   | Killed a death yak
 17111 | Lair:2   | Killed Sonja
 17403 | Lair:2   | Found a staircase to the Shoals.
 17416 | Lair:2   | Killed a catoblepas
 18018 | Lair:2   | Killed a death yak
 18019 | Lair:2   | Noticed a death yak
 18356 | Lair:2   | Killed a death yak
 18761 | Lair:1   | Killed a death yak
 19131 | Lair:2   | Found a viscous altar of Jiyva.
 19199 | Lair:1   | Killed a death yak
 19462 | Lair:2   | Killed a death yak
 20709 | Lair:3   | Noticed a death yak
 20709 | Lair:3   | Noticed a death yak
 20709 | Lair:3   | Noticed a death yak
 20711 | Lair:3   | Noticed a death yak
 20725 | Lair:2   | Killed a death yak
 20726 | Lair:2   | Reached XP level 13. HP: 92/114 MP: 13/13
 22906 | Lair:5   | Entered Level 5 of the Lair of Beasts
 22906 | Lair:5   | Found a gate leading to a gauntlet.
 22938 | Gauntlet | Entered a Gauntlet
 22938 | Gauntlet | Found a large runed translucent door.
 22938 | Gauntlet | Found a large runed translucent door.
 22938 | Gauntlet | Found a large runed translucent door.
 22938 | Gauntlet | Found a large runed translucent door.
 22938 | Gauntlet | Found a large runed translucent door.
 22938 | Gauntlet | Found a large runed translucent door.
 22938 | Gauntlet | Found a transporter.
 22938 | Gauntlet | Found a large runed translucent door.
 22938 | Gauntlet | Found a large runed translucent door.
 22938 | Gauntlet | Found a runed translucent door.
 22938 | Gauntlet | Found a runed translucent gate.
 22938 | Gauntlet | Found a runed translucent gate.
 22938 | Gauntlet | Found a transporter.
 22938 | Gauntlet | Found a transporter.
 22951 | Gauntlet | Found a transporter.
 22951 | Gauntlet | Found a transporter.
 22962 | Gauntlet | Found a transporter.
 22962 | Gauntlet | Found a transporter.
 22968 | Gauntlet | Found a runed translucent gate.
 22968 | Gauntlet | Found a runed translucent gate.
 22968 | Gauntlet | Found a runed translucent gate.
 22970 | Gauntlet | Found a transporter.
 22988 | Gauntlet | Found a transporter.
 22994 | Gauntlet | Found a transporter.
 23007 | Gauntlet | Found a transporter.
 23011 | Gauntlet | Found a runed translucent gate.
 23015 | Gauntlet | Found a runed translucent door.
 23026 | Gauntlet | Found a large runed translucent door.
 23026 | Gauntlet | Found a large runed translucent door.
 23026 | Gauntlet | Found a large runed translucent door.
 23026 | Gauntlet | Found a large runed translucent door.
 23027 | Gauntlet | Found a large runed translucent door.
 23027 | Gauntlet | Found a large runed translucent door.
 23028 | Gauntlet | Found a large runed translucent door.
 23028 | Gauntlet | Found a large runed translucent door.
 23052 | Gauntlet | Found a transporter.
 23456 | Gauntlet | Noticed a minotaur
 23470 | Gauntlet | Killed a minotaur
 23611 | Lair:5   | Reached skill level 7 in Shields
 23936 | Lair:5   | Noticed a dire elephant
 23936 | Lair:5   | Noticed a dire elephant
 24167 | Lair:5   | Reached skill level 15 in Axes
 24322 | Lair:5   | Found a viscous altar of Jiyva.
 24331 | Lair:5   | Found a staircase to the Slime Pits.
 25058 | Lair:5   | Reached XP level 14. HP: 91/126 MP: 14/14
 25350 | Lair:5   | Identified the ring of Xom's Recklessness {Dex+2 Slay+4}
 26140 | Lair:5   | Identified the ring "Deidugies" {rN+ Str+3 SInv}
 26394 | D:5      | Killed P0WERM0DE's ghost
 26537 | Orc:1    | Entered Level 1 of the Orcish Mines
 26634 | Orc:2    | Entered Level 2 of the Orcish Mines
 26942 | Orc:2    | Found a staircase to the Elven Halls.
 27173 | Orc:2    | Reached skill level 10 in Fighting
 27212 | Orc:2    | Reached skill level 8 in Shields
 27225 | Orc:2    | Noticed an orc warlord
 27834 | Orc:2    | Found Vowea's General Store.
 27835 | Orc:2    | Found Ymingu Ybi's Jewellery Emporium.
 27837 | Orc:2    | Found Wohem's Antique Armour Emporium.
 27837 | Orc:2    | Found Bos Ixau's Antique Weapon Shoppe.
 27847 | Orc:2    | Bought the ring "Derghy Paku" {Will+++ EV+5 Int+4 Dex-4}
                  | for 994 gold pieces
 27858 | Orc:2    | Bought a runed cloak for 247 gold pieces
 27877 | Orc:2    | Killed an orc warlord
 28023 | Orc:2    | Bought an ancient war axe for 187 gold pieces
 28023 | Orc:2    | Identified the +5 war axe of Wu Jian, Hammering {protect,
                  | *Noise rF+ Int+4} (You bought it in a shop on level 2 of
                  | the Orcish Mines)
 28297 | Orc:1    | You fall into a shaft and drop 1 floor!
 29052 | Orc:2    | Bought an encrusted war axe for 187 gold pieces
 29052 | Orc:2    | Identified the +3 war axe "Limauwie" {freeze, Int+3} (You
                  | bought it in a shop on level 2 of the Orcish Mines)
 29216 | Snake:1  | Entered Level 1 of the Snake Pit
 29592 | Snake:1  | Reached skill level 9 in Shields
 30059 | Snake:1  | Reached XP level 15. HP: 72/132 MP: 15/15
 31212 | Snake:2  | Found a burning altar of Makhleb.
 31231 | Snake:2  | Reached skill level 10 in Shields
 32276 | Snake:2  | Found Zaidoata's Armour Boutique.
 32381 | Snake:2  | Identified the +2 pair of gloves "Meyloguf" {rN+ Regen+
                  | Int-4}
 32408 | Snake:2  | Noticed Kununneg's ghost (journeyman TeAE)
 32409 | Snake:2  | Found a large runed translucent door.
 32409 | Snake:2  | Found a large runed translucent door.
 32759 | Snake:3  | Found a basalt altar of Yredelemnul.
 32759 | Snake:3  | Noticed Vashnia
 32762 | Snake:3  | Reached skill level 15 in Armour
 32772 | Snake:2  | Reached skill level 11 in Shields
 33242 | Snake:3  | Found Pedenuc's Jewellery Boutique.
 33243 | Snake:3  | Found Fammoic's Book Shoppe.
 33243 | Snake:3  | Found Jyum's Book Shoppe.
 33344 | Snake:3  | Noticed a nagaraja
 33522 | D:11     | Reached skill level 12 in Shields
 34006 | D:11     | Reached XP level 16. HP: 145/150 MP: 16/16
 34522 | D:12     | Found Jycra's Antique Armour Emporium.
 34532 | D:12     | Bought a slimy chain mail for 380 gold pieces
 34532 | D:12     | Identified the +0 chain mail of the Earth {Rampage *Slow
                  | rElec Int-3} (You bought it in a shop on level 12 of the
                  | Dungeon)
 34555 | D:12     | Noticed Nergalle
 34559 | D:12     | Killed Nergalle
 35683 | D:14     | Noticed Lodul
 35691 | D:14     | Killed Lodul
 35692 | D:14     | Reached skill level 13 in Shields
 35808 | D:14     | Identified the ring "Xogeqycs" {rC+ Str+3 SInv}
 35945 | D:14     | Found a gate to the Vaults.
 35965 | D:14     | Noticed Kirke
 35987 | D:14     | Killed Kirke
 36021 | D:14     | Noticed Jorgrun
 36038 | D:14     | Killed Jorgrun
 36041 | D:14     | Noticed Frances
 36058 | D:14     | Killed Frances
 36381 | D:15     | Entered Level 15 of the Dungeon
 36488 | D:15     | Noticed Nessos
 36507 | D:15     | Killed Nessos
 36582 | D:15     | Reached skill level 14 in Shields
 36662 | D:15     | Noticed Louise
 36682 | D:15     | Killed Louise
 37349 | D:15     | Found a staircase to the Depths.
 37753 | Snake:3  | Killed Vashnia
 37763 | Snake:3  | Reached XP level 17. HP: 121/160 MP: 17/17
 38450 | Snake:3  | Reached skill level 15 in Shields
 38838 | Snake:4  | Entered Level 4 of the Snake Pit
 38997 | Snake:4  | Found a frozen archway.
 39011 | IceCv    | Entered an ice cave
 39442 | IceCv    | Identified the +0 robe of Infinity {Dex+6 Stlth-}
 39588 | IceCv    | Found a viscous altar of Jiyva.
 39682 | IceCv    | Identified the ring "Jiny" {rPois Str+3 Dex+6}
 40427 | Snake:3  | Reached skill level 16 in Shields
 41729 | Snake:4  | Got a serpentine rune of Zot
 41756 | Snake:4  | Reached XP level 18. HP: 172/172 MP: 18/18
 41933 | Shoals:1 | Entered Level 1 of the Shoals
 42073 | Shoals:1 | Reached skill level 17 in Shields
 42735 | Shoals:2 | Found a flickering gateway to a bazaar.
 42766 | Bazaar   | Entered a bazaar
 42766 | Bazaar   | Found Cinerphuo's Antique Weapon Shop.
 42768 | Bazaar   | Found Sodocoeh's Magic Scroll Shop.
 42781 | Bazaar   | Found Ruapp's Jewellery Emporium.
 42812 | Bazaar   | Found Afo Biqi's Weapon Shop.
 42825 | Bazaar   | Found Qeblepho's Antique Armour Emporium.
 42855 | Bazaar   | Bought a runed war axe for 104 gold pieces
 42862 | Bazaar   | Bought a scroll of teleportation for 54 gold pieces
 42862 | Bazaar   | Bought 2 scrolls of blinking for 270 gold pieces
 42862 | Bazaar   | Bought a scroll of enchant armour for 135 gold pieces
 42862 | Bazaar   | Bought a scroll of teleportation for 54 gold pieces
 43219 | Shoals:2 | Identified the +0 cloak "Begron" {SInv}
 43358 | Shoals:2 | Found a runed translucent door.
 44194 | Shoals:3 | Reached skill level 15 in Fighting
 44650 | Shoals:3 | Reached skill level 18 in Shields
 45105 | Shoals:3 | Reached skill level 5 in Throwing
 45492 | Shoals:3 | Noticed Polyphemus
 45523 | Shoals:3 | Killed Polyphemus
 45757 | Shoals:4 | Entered Level 4 of the Shoals
 46603 | Shoals:4 | Noticed Mara
 46819 | Shoals:4 | Noticed CrazyMind's illusion
 46823 | Shoals:4 | Killed Mara
 46824 | Shoals:4 | Reached XP level 19. HP: 152/181 MP: 19/19
 46866 | Shoals:4 | Identified a scroll of acquirement
 46882 | Shoals:4 | Identified the staff of earth "Faurir" {rElec rF+ Str+3}
 46887 | Shoals:4 | Acquired a manual of Shields
 46928 | Shoals:4 | Reached skill level 19 in Shields
 46986 | Shoals:4 | Got the Vademecum on Ill Luck
 47433 | Shoals:4 | Got a barnacled rune of Zot
 47844 | Vaults:1 | Entered Level 1 of the Vaults
 48148 | Vaults:1 | Reached skill level 20 in Shields
 49192 | Vaults:1 | Reached skill level 21 in Shields
 49807 | Vaults:2 | Found Jeolozxu's Book Emporium.
 49883 | Vaults:2 | Found a staircase to the Crypt.
 51039 | Vaults:2 | Reached XP level 20. HP: 188/192 MP: 20/20
 51141 | Vaults:2 | Reached skill level 22 in Shields
 51909 | Vaults:3 | Reached skill level 23 in Shields
 51987 | Vaults:3 | You are sucked into a shaft and drop 1 floor!
 52182 | Vaults:4 | Identified the +9 quarterstaff of Gap Bing {elec, Drain rC-
                  | rN+++ Str+5}
 53244 | Vaults:3 | Identified the +3 arbalest of Causality {penet, rElec rF+++
                  | rN++ Int-2}
 54175 | Vaults:4 | Reached XP level 21. HP: 203/203 MP: 21/21
 54441 | Vaults:4 | Identified the +3 chain mail of the Northern Lights {Int+2
                  | Stlth+}
 54847 | Depths:1 | Entered Level 1 of the Depths
 54864 | Depths:1 | Found a gateway to Hell.
 54884 | Depths:1 | Noticed Bai Suzhen
 54912 | Depths:1 | Killed Bai Suzhen
 55064 | Depths:1 | Reached skill level 24 in Shields
 55102 | Depths:1 | Found the +8 longbow "Zephyr" {speed, Dex+3 SInv}
 55756 | Depths:2 | Identified the ring of Kasuidai {Ice Str+6 Stlth-}
 55756 | Depths:2 | Noticed Josephina
 55848 | Depths:1 | Killed Josephina
 56056 | Depths:2 | Found a bloodstained altar of Trog.
 56056 | Depths:2 | Noticed a juggernaut
 56056 | Depths:2 | Noticed laros's ghost (journeyman MiBe)
 56057 | Depths:2 | Found a transporter.
 56058 | Depths:2 | Noticed a juggernaut
 56076 | Depths:2 | Found a transporter.
 56243 | Depths:2 | Found a one-way gate leading to the halls of Pandemonium.
 56476 | Depths:2 | You are sucked into a shaft and drop 2 floors!
 56476 | Depths:4 | Entered Level 4 of the Depths
 56476 | Depths:4 | Found a one-way gateway to a ziggurat.
 56479 | Depths:4 | Paralysed by a floating eye for 4 turns
 56893 | Depths:4 | Identified the +1 leather armour of Mokhleug {Dex+3}
 56975 | Depths:4 | Found a gate to the Realm of Zot.
 57239 | Depths:4 | Learned a level 2 spell: Blink
 57250 | Depths:4 | Found a one-way gate to the infinite horrors of the Abyss.
 57481 | Depths:3 | Reached skill level 10 in Throwing
 57494 | Depths:3 | Reached skill level 25 in Shields
 57494 | Depths:3 | Reached skill level 1 in Translocations
 57494 | Depths:3 | Found a corrupted altar of Lugonu.
 57976 | Depths:2 | Noticed a golden dragon
 57976 | Depths:2 | Noticed a golden dragon
 57983 | Depths:2 | Reached skill level 1 in Spellcasting
 57988 | Depths:2 | Killed a golden dragon
 58000 | Depths:2 | Killed a golden dragon
 58464 | Depths:3 | Reached XP level 22. HP: 198/210 MP: 24/24
 58819 | Depths:3 | Noticed a golden dragon
 58830 | Depths:3 | Killed a golden dragon
 59020 | Depths:3 | Found Suax's Distillery.
 59215 | Depths:4 | Found a basalt altar of Yredelemnul.
 59684 | Vaults:2 | Bought a book of Weapons for 392 gold pieces
 59688 | Vaults:2 | Learned a level 3 spell: Portal Projectile
 60025 | Depths:4 | Paralysed by a floating eye for 3 turns
 60535 | Crypt:1  | Entered Level 1 of the Crypt
 60565 | Crypt:1  | Found a huge runed gate.
 60653 | Crypt:1  | Found a huge runed gate.
 60653 | Crypt:1  | Found a huge runed gate.
 60654 | Crypt:1  | Found a huge runed gate.
 60654 | Crypt:1  | Found a huge runed gate.
 60655 | Crypt:1  | Found a huge runed gate.
 60655 | Crypt:1  | Found a huge runed gate.
 60656 | Crypt:1  | Found a huge runed gate.
 60656 | Crypt:1  | Found a huge runed gate.
 60657 | Crypt:1  | Found a huge runed gate.
 60679 | Crypt:1  | Reached skill level 1 in Hexes
 60792 | Crypt:1  | Found a huge runed gate.
 60793 | Crypt:1  | Found a huge runed gate.
 60794 | Crypt:1  | Found a huge runed gate.
 60795 | Crypt:1  | Found a huge runed gate.
 60796 | Crypt:1  | Found a huge runed gate.
 60797 | Crypt:1  | Found a huge runed gate.
 60798 | Crypt:1  | Found a huge runed gate.
 60799 | Crypt:1  | Found a huge runed gate.
 60800 | Crypt:1  | Found a huge runed gate.
 61548 | Crypt:1  | Found a huge runed gate.
 61548 | Crypt:1  | Found a huge runed gate.
 61548 | Crypt:1  | Found a huge runed gate.
 61548 | Crypt:1  | Found a huge runed gate.
 61548 | Crypt:1  | Found a huge runed gate.
 61572 | Crypt:1  | Found a huge runed gate.
 61572 | Crypt:1  | Found a huge runed gate.
 61573 | Crypt:1  | Found a huge runed gate.
 62010 | Crypt:1  | Found a huge runed gate.
 62010 | Crypt:1  | Found a huge runed gate.
 62010 | Crypt:1  | Found a huge runed gate.
 62011 | Crypt:1  | Found a huge runed gate.
 62011 | Crypt:1  | Found a huge runed gate.
 62012 | Crypt:1  | Found a huge runed gate.
 62013 | Crypt:1  | Found a huge runed gate.
 62056 | Crypt:1  | Found a huge runed gate.
 62057 | Crypt:1  | Found a huge runed gate.
 62073 | Crypt:1  | Noticed a dread lich
 62073 | Crypt:1  | Noticed an ancient lich
 62073 | Crypt:1  | Noticed a dread lich
 62154 | Vaults:2 | Killed a dread lich
 62213 | Vaults:2 | Killed a dread lich
 62370 | Crypt:1  | Killed an ancient lich
 62409 | Crypt:1  | Got the Secrets of Execration and Detritus
 62492 | Crypt:2  | Noticed a dread lich
 62752 | Crypt:2  | Reached skill level 26 in Shields
 62915 | Crypt:2  | Reached skill level 5 in Translocations
 62919 | Crypt:2  | HP: 16/322 [flayed ghost/flay_damage (4)]
 63172 | Crypt:2  | Killed a dread lich
 63173 | Crypt:2  | Reached XP level 23. HP: 137/213 MP: 20/29
 63947 | Crypt:3  | Entered Level 3 of the Crypt
 64038 | Crypt:3  | Found a magical portal.
 64054 | WizLab   | Entered Alistair's Party Mansion
 64436 | WizLab   | Reached skill level 5 in Spellcasting
 64466 | WizLab   | Reached skill level 5 in Hexes
 64624 | Crypt:2  | Acquired 794 gold pieces
 64626 | Crypt:2  | Acquired 796 gold pieces
 64784 | Crypt:3  | Found a shadowy altar of Dithmenos.
 64900 | Crypt:3  | Found a staircase to the Tomb.
 65095 | Crypt:3  | Found a basalt altar of Yredelemnul.
 65731 | Crypt:3  | Got the Atlas of the Mausoleum
 66329 | Lair:1   | Killed Tali's ghost
 66475 | Snake:2  | Killed Kununneg's ghost
 67092 | Elf:1    | Entered Level 1 of the Elven Halls
 67381 | Elf:1    | Got the Textbook on the Barrage and Allies
 67412 | Elf:1    | Found Foxem's Assorted Antiques.
 67525 | Elf:1    | Reached XP level 24. HP: 228/233 MP: 32/32
 67633 | Elf:1    | Paralysed by an air elemental for 1 turns
 67776 | Elf:1    | Noticed Aizul
 67809 | Elf:1    | Killed Aizul
 68454 | Elf:2    | Found a huge runed translucent gate.
 68454 | Elf:2    | Found a huge runed translucent gate.
 68454 | Elf:2    | Found a huge runed translucent gate.
 68454 | Elf:2    | Found a huge runed translucent gate.
 68456 | Elf:2    | Reached skill level 27 in Shields
 68457 | Elf:2    | Found a huge runed translucent gate.
 69109 | Elf:3    | Entered Level 3 of the Elven Halls
 69180 | Elf:3    | Found Botereir's Book Shop.
 69246 | Elf:3    | Paralysed by an air elemental for 1 turns
 69403 | Elf:3    | Paralysed by an air elemental for 1 turns
 69969 | Elf:3    | Paralysed by an air elemental for 1 turns
 70382 | Elf:3    | Identified the ring "Iveopneo" {Ice rElec MP+9 Str+3}
 70781 | Elf:3    | Identified the ring of Sloth {Will++ Slay+4}
 70859 | Elf:3    | Identified the staff of death "Ziohaqu" {rElec rN+ Will-
                  | Int+3 SInv}
 70910 | Elf:3    | Identified the ring of Ximm {Fire rCorr Str+3}
 70976 | Elf:3    | Identified the +8 mace "Raom" {freeze, Str+5 Dex+3}
 71093 | Elf:3    | Got Tatsicod's Book of Septic Enchantment
 71101 | Elf:3    | Identified the staff of conjuration "Cisegakh" {rC++ SInv}
 71819 | Hell     | Entered the Vestibule of Hell
 71819 | Hell     | Noticed Geryon
 71904 | Hell     | Noticed Murray
 72052 | Hell     | Killed Murray
 72054 | Hell     | Reached XP level 25. HP: 205/230 MP: 27/35
 72060 | Hell     | Killed Geryon
 72574 | Hell     | Found a gateway to the decaying netherworld of Tartarus.
 72642 | Hell     | Found a gateway to the freezing wastes of Cocytus.
 72705 | Hell     | Found a gateway to the Iron City of Dis.
 72785 | Hell     | Found a gateway to the ashen valley of Gehenna.
 73198 | Vaults:4 | Learned a level 1 spell: Apportation
 73202 | Vaults:4 | Learned a level 3 spell: Tukima's Dance
 73207 | Vaults:4 | Learned a level 4 spell: Manifold Assault
 73212 | Vaults:4 | Learned a level 4 spell: Passage of Golubria
 73621 | Depths:4 | Paralysed by a floating eye for 3 turns
 74787 | Vaults:5 | Entered Level 5 of the Vaults
 74795 | Vaults:5 | Noticed an ancient lich
 74837 | Vaults:5 | Killed an ancient lich
 74909 | Vaults:5 | Noticed a dread lich
 74928 | Vaults:5 | Killed a dread lich
 75175 | Vaults:5 | Noticed an ancient lich
 75195 | Vaults:5 | Killed an ancient lich
 75413 | Vaults:5 | Got a silver rune of Zot
 75714 | Vaults:5 | Identified the +7 rapier of Contention {heavy, rF+}
 75729 | Vaults:5 | Identified the +3 ring mail of Ru's Grace {Will++}
 75744 | Vaults:5 | Identified the +0 leather armour of Vanity {rF+ rN++
                  | Stlth-}
 75954 | Vaults:5 | Identified the staff of air "Aroypim" {rElec rPois Int+5}
 76032 | Vaults:5 | Found the +8 autumn katana {manifold assault}
 77946 | Zot:1    | Entered Level 1 of the Realm of Zot
 78088 | Zot:1    | Found a transporter.
 78147 | Zot:1    | Reached XP level 26. HP: 250/254 MP: 35/35
 78691 | Zot:1    | Acquired 965 gold pieces
 80727 | Zot:3    | You are sucked into a shaft and drop 1 floor!
 81084 | Zot:3    | Noticed an orb of fire
 81095 | Zot:3    | Killed an orb of fire
 82307 | Zot:5    | Entered Level 5 of the Realm of Zot
 83037 | Zot:5    | Reached XP level 27. HP: 176/271 MP: 35/35
 83840 | Depths:2 | Killed a juggernaut
 83849 | Depths:2 | Killed a juggernaut
 83867 | Depths:2 | Killed laros's ghost
 85387 | Zot:5    | Noticed an ancient lich
 85392 | Zot:5    | Noticed an ancient lich
 85407 | Zot:5    | Killed an ancient lich
 85413 | Zot:5    | Killed an ancient lich
 85538 | Zot:5    | a Killer Klown changed into a juggernaut
 85538 | Zot:5    | Noticed a juggernaut
 85543 | Zot:5    | Killed a juggernaut
 85703 | Zot:5    | Noticed an orb of fire
 85714 | Zot:5    | Killed an orb of fire
 85818 | Zot:5    | Noticed an orb of fire
 85828 | Zot:5    | Gained mutation: You are vulnerable to cold. (rC-) [an orb
                  | of fire]
 85841 | Zot:5    | Gained mutation: You have hidden genetic defects. [an orb
                  | of fire]
 85842 | Zot:5    | Killed an orb of fire
 86252 | Zot:5    | Got the Orb of Zot
 86469 | Depths:3 | Noticed Imasool the pandemonium lord
 86489 | Depths:3 | Killed Imasool the pandemonium lord
 86500 | Depths:3 | Noticed Doig the pandemonium lord
 86518 | Depths:3 | Killed Doig the pandemonium lord
 86522 | Depths:3 | Noticed Rose the pandemonium lord
 86528 | Depths:3 | Gained mutation: You occasionally shout uncontrollably at
                  | your foes. [hidden defects]
 86537 | Depths:2 | Lost mutation: You are vulnerable to cold. (rC-) [potion of
                  | mutation]
 86537 | Depths:2 | Lost mutation: You occasionally shout uncontrollably at
                  | your foes. [potion of mutation]
 86537 | Depths:2 | Lost mutation: You have hidden genetic defects. [potion of
                  | mutation]
 86537 | Depths:2 | Gained mutation: You passively dampen the noise of your
                  | surroundings. [potion of mutation]
 86537 | Depths:2 | Gained mutation: You sometimes lose your temper in combat.
                  | [potion of mutation]
 86537 | Depths:2 | Gained mutation: You have a pair of small horns on your
                  | head. [potion of mutation]
 86537 | Depths:2 | Gained mutation: You are vulnerable to cold. (rC-) [potion
                  | of mutation]
 86537 | Depths:2 | Gained mutation: You occasionally lose the ability to drink
                  | potions when taking damage. [potion of mutation]
 86537 | Depths:2 | Gained mutation: Your mind is acute. (Int +4, Str/Dex -1)
                  | [potion of mutation]
 86538 | Depths:2 | Lost mutation: You passively dampen the noise of your
                  | surroundings. [potion of mutation]
 86538 | Depths:2 | Lost mutation: You are vulnerable to cold. (rC-) [potion of
                  | mutation]
 86538 | Depths:2 | Lost mutation: You have a pair of small horns on your head.
                  | [potion of mutation]
 86538 | Depths:2 | Lost mutation: You occasionally lose the ability to drink
                  | potions when taking damage. [potion of mutation]
 86538 | Depths:2 | Gained mutation: Your mind is very acute. (Int +8, Str/Dex
                  | -2) [potion of mutation]
 86538 | Depths:2 | Gained mutation: You have large cloven feet. [potion of
                  | mutation]
 86538 | Depths:2 | Gained mutation: You have hoof-like feet. [potion of
                  | mutation]
 86539 | Depths:2 | Lost mutation: You sometimes lose your temper in combat.
                  | [potion of mutation]
 86539 | Depths:2 | Lost mutation: Your mind is very acute. (Int +8, Str/Dex
                  | -2) [potion of mutation]
 86539 | Depths:2 | Lost mutation: Your mind is acute. (Int +4, Str/Dex -1)
                  | [potion of mutation]
 86539 | Depths:2 | Lost mutation: You have hoof-like feet. [potion of
                  | mutation]
 86539 | Depths:2 | Gained mutation: You expend magic power (3 MP) to
                  | strengthen your wands. [potion of mutation]
 86539 | Depths:2 | Gained mutation: You are covered in fur. (AC +1) [potion of
                  | mutation]
 86539 | Depths:2 | Gained mutation: You occasionally lose the ability to drink
                  | potions when taking damage. [potion of mutation]
 86539 | Depths:2 | Gained mutation: You are agile. (Dex +4, Str/Int -1)
                  | [potion of mutation]
 86540 | Depths:2 | Lost mutation: You are agile. (Dex +4, Str/Int -1) [potion
                  | of mutation]
 86540 | Depths:2 | Lost mutation: You are covered in fur. (AC +1) [potion of
                  | mutation]
 86540 | Depths:2 | Lost mutation: You occasionally lose the ability to drink
                  | potions when taking damage. [potion of mutation]
 86540 | Depths:2 | Lost mutation: You expend magic power (3 MP) to strengthen
                  | your wands. [potion of mutation]
 86540 | Depths:2 | Lost mutation: You have large cloven feet. [potion of
                  | mutation]
 86540 | Depths:2 | Gained mutation: You sometimes lose your temper in combat.
                  | [potion of mutation]
 86540 | Depths:2 | Gained mutation: You occasionally lose the ability to read
                  | scrolls when taking damage. [potion of mutation]
 86540 | Depths:2 | Gained mutation: Your body sometimes deteriorates upon
                  | taking damage. [potion of mutation]
 86540 | Depths:2 | Gained mutation: You have large cloven feet. [potion of
                  | mutation]
 86540 | Depths:2 | Gained mutation: You are somewhat resistant to further
                  | mutation. [potion of mutation]
 86541 | Depths:2 | Lost mutation: Your body sometimes deteriorates upon taking
                  | damage. [potion of mutation]
 86541 | Depths:2 | Lost mutation: You sometimes lose your temper in combat.
                  | [potion of mutation]
 86541 | Depths:2 | Lost mutation: You occasionally lose the ability to read
                  | scrolls when taking damage. [potion of mutation]
 86541 | Depths:2 | Lost mutation: You have large cloven feet. [potion of
                  | mutation]
 86541 | Depths:2 | Lost mutation: You are somewhat resistant to further
                  | mutation. [potion of mutation]
 86541 | Depths:2 | Gained mutation: You occasionally shout uncontrollably at
                  | your foes. [potion of mutation]
 86541 | Depths:2 | Gained mutation: You are occasionally teleported next to
                  | monsters. [potion of mutation]
 86541 | Depths:2 | Gained mutation: You expend magic power (3 MP) to
                  | strengthen your wands. [potion of mutation]
 86542 | Depths:2 | Lost mutation: You are occasionally teleported next to
                  | monsters. [potion of mutation]
 86542 | Depths:2 | Lost mutation: You expend magic power (3 MP) to strengthen
                  | your wands. [potion of mutation]
 86542 | Depths:2 | Lost mutation: You occasionally shout uncontrollably at
                  | your foes. [potion of mutation]
 86542 | Depths:2 | Gained mutation: Your spells are a little harder to cast,
                  | but a little more powerful. [potion of mutation]
 86542 | Depths:2 | Gained mutation: You occasionally lose the ability to drink
                  | potions when taking damage. [potion of mutation]
 86542 | Depths:2 | Gained mutation: You are agile. (Dex +4, Str/Int -1)
                  | [potion of mutation]
 86542 | Depths:2 | Gained mutation: You are covered in fur. (AC +1) [potion of
                  | mutation]
 86543 | Depths:2 | Lost mutation: Your spells are a little harder to cast, but
                  | a little more powerful. [potion of mutation]
 86543 | Depths:2 | Lost mutation: You are agile. (Dex +4, Str/Int -1) [potion
                  | of mutation]
 86543 | Depths:2 | Lost mutation: You are covered in fur. (AC +1) [potion of
                  | mutation]
 86543 | Depths:2 | Lost mutation: You occasionally lose the ability to drink
                  | potions when taking damage. [potion of mutation]
 86543 | Depths:2 | Gained mutation: Your magical capacity is low. (-10% MP)
                  | [potion of mutation]
 86543 | Depths:2 | Gained mutation: You are frail. (-10% HP) [potion of
                  | mutation]
 86543 | Depths:2 | Gained mutation: Your flesh is cold resistant. (rC+)
                  | [potion of mutation]
 86543 | Depths:2 | Gained mutation: You are partially covered in large bone
                  | plates. (SH +4) [potion of mutation]
 86543 | Depths:2 | Gained mutation: You have hidden genetic defects. [potion
                  | of mutation]
 86543 | Depths:2 | Lost mutation: You have hidden genetic defects. [potion of
                  | mutation]
 86543 | Depths:2 | Gained mutation: You expend magic power (3 MP) to
                  | strengthen your wands. [potion of mutation]
 86752 | D:12     | Gained mutation: You have sharp toenails. [a cacodemon]
 86754 | D:11     | Noticed Ofusaom the pandemonium lord
 86782 | D:11     | Killed Ofusaom the pandemonium lord
 86969 | D:1      | Noticed Pemuo the pandemonium lord
 87056 | D:1      | Lost mutation: Your flesh is cold resistant. (rC+) [potion
                  | of mutation]
 87056 | D:1      | Lost mutation: You expend magic power (3 MP) to strengthen
                  | your wands. [potion of mutation]
 87056 | D:1      | Lost mutation: You are frail. (-10% HP) [potion of
                  | mutation]
 87056 | D:1      | Lost mutation: You are partially covered in large bone
                  | plates. (SH +4) [potion of mutation]
 87056 | D:1      | Gained mutation: You have a pair of small horns on your
                  | head. [potion of mutation]
 87056 | D:1      | Gained mutation: You are resistant to electric shocks.
                  | (rElec) [potion of mutation]
 87056 | D:1      | Gained mutation: You expend magic power (3 MP) to
                  | strengthen your wands. [potion of mutation]
 87073 | D:$      | Escaped with the Orb!

Illustrated notes

Levels and vault maps discovered:
D:1:      spicycebolla_green_bress_n_ham_2, layout_basic,
          hangedman_abyss_or_decor_lesser_grid, serial_bayou_lake_a
D:2:      layout_loops_corners
D:3:      layout_loops_ring, grunt_ministairs_7
D:4:      layout_rooms, minmay_temple_entry_sparse_star, serial_shops, shop,
          uniq_sigmund
D:5:      layout_loops_ring, ebering_ghost_inner_flame, uniq_menkaure,
          uniq_edmund
D:6:      lemuel_castle_with_subvaults [lemuel_castle_interior_carwin_2],
          layout_basic, serial_shops, shop, uniq_eustachio
D:7:      layout_loops_ring, enter_bailey_6
D:8:      layout_basic, minmay_radiant
D:9:      layout_roguey, nicolae_nh_ransacked_shop
D:10:     wad_woods_minihive, layout_loops_ring, kennysheep_mini,
          grunt_temple_overflow_open, erik_lair_island, david_orc_2,
          nicolae_elevator_lobby_plus, uniq_grum
D:11:     layout_cave_pools, serial_column_ruins,
          column_ruins_corridor_straight, column_ruins_columns_straight,
          column_ruins_open_tiny, kennysheep_dice
D:12:     layout_irregular_city, serial_shops, nicolae_lakefront_shop,
          uniq_nergalle
D:13:     minmay_wavy_crystal, layout_basic, grunt_decor_one_mirror,
          nicolae_fountain_basement
D:14:     layout_rooms, skrybe_vaults_entry_preservation,
          minmay_misc_feat_ornament, einodemon_armed_red_devil_minivault,
          uniq_lodul, uniq_kirke, uniq_jorgrun, uniq_frances
D:15:     grunt_enter_depths_magical_seal, layout_irregular_city, minivault_27,
          sword_in_stone, uniq_nessos
Temple:   nicolae_temple_bog_church
Lair:1:   layout_cave_pods
Lair:2:   layout_layer_cave, minmay_shoals_entry_lonely_mermaid,
          dummy_snake_entry, gammafunk_ghost_ooze, uniq_sonja
Lair:3:   layout_cave_pods, grunt_megastairs_5
Lair:4:   layout_roguey, serial_bayou, serial_bayou_crossing,
          serial_bayou_lagoon_b, serial_bayou_shore_a, serial_bayou_pond_d,
          dreamdust_gnoll_shepherd
Lair:5:   due_jungle_book, layout_cave_shapes, nicolae_slime_entry_slimehenge,
          gauntlet_entry_generic, nicolae_volcano_entry_vermiform
Shoals:1: layout_shoals, nzn_prometheus_bound
Shoals:2: layout_shoals, serial_shops, bzr_entry_islet, lightli_airlock
Shoals:3: layout_shoals, uniq_polyphemus
Shoals:4: shoals_end_grunt_ice, layout_shoals,
          nicolae_shoals_lost_giant_amphitheater, nicolae_shoals_undead_eyrie,
          uniq_mara
Snake:1:  layout_honeycomb, serial_bayou_shore_b
Snake:2:  layout_misc_corridors, ebering_ghost_disaster_area, basic_altar,
          serial_shops, shop, st_stairs_10
Snake:3:  minmay_snake_river, layout_cave_pods, basic_altar,
          serial_bayou_shore_b, serial_bayou_shore_b, minmay_shop_grove,
          uniq_vashnia
Snake:4:  snake_pit_salamanders_mu, layout_cave_town,
          portal_ice_cave_entry_pillars_three
Orc:1:    cheibrodos_orc_arena, layout_caves
Orc:2:    st_orc_congregation, layout_caves
Elf:1:    nicolae_elf_arrival_no_cutting_in_line, layout_geoelf_grid,
          serial_shops, shop, minmay_elf_sorcery, minivault_20, uniq_aizul
Elf:2:    elven_hall_of_blades_hangedman_alternative [nicolae_blade_lattice],
          layout_onion_city
Elf:3:    nooodl_elf_gasket, layout_gridlike, serial_shops, shop, special_room
          [special_room_mythical_zoo]
Vaults:1: nicolae_vaults_stand_back, hangedman_vaults_river_flow,
          nicolae_vaults_door_testing_chamber, nicolae_vaults_closet_pinwheel_3,
          nicolae_vaults_ellipses_ellipsis, nicolae_vaults_network_star,
          nicolae_vaults_hexular_roomagon, grunt_vaults_twisty,
          nicolae_vaults_layer_cake_slice, nicolae_vaults_apartment_1,
          layout_vaults_omnibox
Vaults:2: minmay_crypt_entry_simple_corners, nicolae_vaults_network_periphery,
          nicolae_vaults_tetromino_Z_2, hangedman_vaults_slither,
          nicolae_vaults_house_1, ontoclasm_vaults_ring_large, st_spiral_rooms,
          ontoclasm_vaults_fault, nicolae_vaults_wrenched, v_misc_1,
          vaults_room_large_hall, v_misc_8, layout_vaults_maze, serial_shops,
          shop_statue
Vaults:3: v_misc_19, nicolae_vaults_apartment_2,
          ontoclasm_vaults_loading_screen, vaults_mumra_lcd,
          nicolae_vaults_network_quinsquares
          [nicolae_vaults_network_quincunx_subvault,
          nicolae_vaults_network_quincunx_subvault,
          nicolae_vaults_network_quincunx_subvault,
          nicolae_vaults_network_quincunx_subvault],
          nicolae_vaults_more_shelving_2, v_misc_19,
          nicolae_vaults_statue_guard, nicolae_vaults_tetromino_T_1,
          layout_vaults_quadrants
Vaults:4: nicolae_vaults_prndl, hangedman_vaults_maws, vaults_room_door_hall,
          nicolae_vaults_offset_grid_hallway_1, v_misc_24,
          nicolae_vaults_tetromino_Z_1, nicolae_vaults_shipping_containers_5,
          nicolae_vaults_stepped_doors, nicolae_vaults_turnstiles,
          hangedman_vaults_stretched_pinwheel, nicolae_vaults_closet_pinwheel_6,
          layout_vaults_big_room
Vaults:5
Crypt:1:  layout_gridlike, door_vault
Crypt:2:  layout_catacombs, st_stairs_10, small_chamber_with_monster,
          evilmike_ambush [evilmike_ambush_outer_doors,
          evilmike_ambush_inner_basic], grunt_megastairs_3
Crypt:3:  church_of_pain_bobbens, layout_chaotic_city, mu_enter_wizlab_4,
          nicolae_danse_macabre
Depths:1: minmay_bloctagon_deflated, layout_basic, minmay_room_of_horrors,
          hell_entry, corexii_hall_statues_t, kennysheep_small_spiral,
          ashenzari_conservatory_becter, uniq_bai_suzhen
Depths:2: nicolae_cairo_tiling, layout_cross, bh_walls_and_bars,
          grunt_hell_entry_dis_mu, gammafunk_ghost_wrathful_warriors,
          rand_demon_pan_entry_8, wad_scary_box, infiniplex_staircase_zigzag_1,
          firewood_loft, uniq_josephina
Depths:3: minmay_curly_fans, layout_gridville, hangedman_coc_ice_floe,
          pan_entry, serial_shops, shop, abyss_entry_flame_altar
Depths:4: grunt_zot_entry_hairpin, layout_basic, enter_ziggurat_c,
          minmay_misc_feat_four_crosses, pan_entry,
          nicolae_abyss_entry_one_way_or_another, hell_entry,
          yredelemnul_forgotten_temple_becter
Hell
Zot:1:    layout_gridlike, nicolae_diode_basic
Zot:2:    layout_misc_corridors, st_single_dragon_hoard_1,
          lemuel_baited_zot_trap, grunt_ministairs_11, st_stairs_12
Zot:3:    layout_misc_corridors
Zot:4:    layout_onion_interference, zot_minivault_1, grunt_megastairs_2
Zot:5:    layout_twisted_circle

Skill      XL: |  1  2  3  4  5  6  7  8  9 10 11 12 13 14 15 16 17 18 19 20 21 22 23 24 25 26 27 |
---------------+----------------------------------------------------------------------------------+-----
Armour         | 4 5 6 7 8 9 11 12 13 14 15 16 17 18 19 20 21 22 23 | 23.2
Fighting       | 3 4 5 6 7 8 9 11 12 13 14 15 16 17 18 19 20 22 23 | 23.2
Axes           | 2 3 4 5 7 9 10 12 14 15 16 17 18 19 20 21 22 23 | 23.1
Dodging        | 1 0 |  0.0
Stealth        | 1 2 3 0 |  0.0
Throwing       | 1 2 3 5 7 8 10 11 13 14 | 14.8
Shields        | 4 5 6 7 9 12 14 16 18 21 23 25 26 27 | 27.0
Translocations | 2 5 7 9 |  9.3
Spellcasting   | 1 4 6 8 |  8.2
Hexes          | 3 6 8 |  8.1

Action                     |  1- 3 |  4- 6 |  7- 9 | 10-12 | 13-15 | 16-18 | 19-21 | 22-24 | 25-27 || total
---------------------------+-------+-------+-------+-------+-------+-------+-------+-------+-------++-------
  Melee: War axe           |    79 |   164 |   410 |   934 |  1377 |  1568 |  1580 |  1684 |  1686 ||  9482
         Tailslap          |     3 |    14 |    52 |   140 |   230 |   279 |   338 |   321 |   347 ||  1724
         Whip              |       |       |       |     5 |       |       |       |       |       ||     5
         Unarmed           |       |       |       |       |       |       |       |       |    11 ||    11
         Headbutt          |       |       |       |       |       |       |       |       |     2 ||     2
  Throw: Dart              |     1 |     2 |    21 |    13 |       |     1 |    16 |       |     3 ||    57
         Throwing net      |       |       |     2 |     3 |       |       |       |       |       ||     5
         Javelin           |       |       |       |     7 |     4 |       |    20 |     1 |    16 ||    48
         Boomerang         |       |       |       |    12 |     8 |    21 |    14 |     7 |    76 ||   138
   Cast: Blink             |       |       |       |       |       |       |       |       |    10 ||    10
         Portal Projectile |       |       |       |       |       |       |       |       |     6 ||     6
 Invoke: Sacrifice Nimblen |       |       |     1 |       |       |       |       |       |       ||     1
         Sacrifice Resista |       |       |       |     1 |       |       |       |       |       ||     1
         Draw Out Power    |       |       |       |     2 |     2 |     3 |     6 |       |     3 ||    16
         Sacrifice Artific |       |       |       |     1 |       |       |       |       |       ||     1
         Power Leap        |       |       |       |     2 |     2 |     4 |       |     3 |     3 ||    14
         Sacrifice Stealth |       |       |       |     1 |       |       |       |       |       ||     1
         Apocalypse        |       |       |       |       |     1 |       |       |     4 |     2 ||     7
  Evoke: Wand              |       |       |     3 |     1 |       |       |       |       |       ||     4
    Use: Scroll            |     1 |     3 |     3 |     9 |    13 |     4 |     5 |     6 |    37 ||    81
         Potion            |       |     2 |     4 |     1 |     4 |     1 |     2 |     5 |    35 ||    54
   Stab: Held in net/web   |       |       |       |     2 |       |       |       |       |       ||     2
         Paralysed         |       |       |       |    10 |    14 |     7 |    10 |    13 |    12 ||    66
         Distracted        |       |       |       |     5 |     8 |     9 |     6 |    11 |    16 ||    55
         Invisible         |       |       |       |     9 |    12 |    10 |     7 |    12 |    10 ||    60
 Armour: Scale mail        |    40 |   104 |       |       |       |       |       |       |       ||   144
         Chain mail        |       |       |   181 |    45 |       |       |       |       |       ||   226
         Skin              |       |       |     2 |       |       |       |       |     5 |       ||     7
         Storm dragon scal |       |       |       |   312 |   735 |  1057 |   759 |   676 |   175 ||  3714
         Gold dragon scale |       |       |       |       |       |       |       |       |   709 ||   709
  Dodge: Dodged            |    26 |    60 |   103 |   210 |   343 |   359 |   393 |   322 |   351 ||  2167
  Block: Buckler           |    13 |    26 |    59 |   212 |   386 |   246 |       |       |       ||   942
         Kite shield       |       |       |       |       |       |   673 |  1183 |  1518 |  1571 ||  4945
         Reflection        |       |       |       |       |       |       |     8 |    51 |    35 ||    94
